 Dungeon Crawl Stone Soup version 0.30-a0-778-g2ef04afb54 (webtiles) character file.

Game seed: 14875918788496407910

21 Pimp the Trooper (level 2, -4/24 HPs)
             Began as a Demonspawn Monk on Feb 15, 2023.
             Killed from afar by Sigmund (8 damage)
             ... with a magic dart
             ... on level 2 of the Dungeon.
             The game lasted 00:01:03 (983 turns).

Pimp the Trooper (Demonspawn Monk)                   Turns: 983, Time: 00:01:03

Health: -4/24      AC:  2    Str: 11    XL:     2   Next: 62%
Magic:  2/2        EV: 13    Int: 11    God:
Gold:   107        SH:  0    Dex: 15    Spells: 1/1 levels left

rFire   . . .      SeeInvis .    a - +0 falchion
rCold   . . .      Faith    .    (no shield)
rNeg    . . .      Spirit   .    b - +0 robe
rPois   .          Reflect  .    (no helmet)
rElec   .          Harm     .    (no cloak)
rCorr   .          Rampage  .    (no gloves)
Will    .....                    (no boots)
Stlth   ++                       (no amulet)
HPRegen 0.24/turn                (no ring)
MPRegen 0.08/turn                (no ring)

@: no status effects
A: hooves 1
a: no special abilities


You were on level 2 of the Dungeon.
You visited 1 branch of the dungeon, and saw 2 of its levels.

You collected 107 gold pieces.

Inventory:

Hand Weapons
 a - a +0 falchion (weapon)
Armour
 b - a +0 robe (worn)
Scrolls
 d - a scroll of enchant armour {unknown}
 e - 6 scrolls of identify {unknown}
Potions
 c - a potion of ambrosia
 f - a potion of attraction {unknown}
 g - 2 potions of heal wounds {unknown}
 h - a potion of cancellation {unknown}
 i - 2 potions of curing {unknown}


   Skills:
 + Level 3.1 Fighting
 + Level 3.1 Long Blades
 + Level 3.0 Dodging
 + Level 1.9 Stealth


You had one spell level left.
You didn't know any spells.
Your spell library was empty.

Dungeon Overview and Level Annotations

Branches:
Dungeon (2/15)

Altars:

Annotations:
D:2 Sigmund


Innate Abilities, Weirdness & Mutations

You have large cloven feet.


Message History

You see here a scroll labelled TOOXESS YSED.
The jackal bites you. The jackal bites you.
The jackal bites you but does no damage.
You see here a scroll labelled TOOXESS YSED.
Sigmund gestures wildly while chanting.
Sigmund flickers and vanishes!
Deactivating autopickup; reactivate with Ctrl-A.
You hear a bark!
You hit the jackal.
You kill the jackal!
You hear some strange, mumbled words.
You are confused.
You see here a jackal corpse.
You bump into the rock wall.
You hear some strange, mumbled words.
A magic dart appears from out of thin air!
The magic dart hits you.
You closely miss something. Something barely misses you.
You bump into the rock wall.
You're too confused to move!
Something hits you but does no damage.
You hit something.
You feel less confused. Something hits you.
The jackal barks!
You slash something! You kick something. Something completely misses you.
You hit something. You closely miss something. Something hits you.
You closely miss something. Something completely misses you.
You hit something. Something hits you.
You hit something. Your kick misses something.
You hear some strange, mumbled words.
A puff of flame appears from out of thin air!
The puff of flame hits you!
* * * LOW HITPOINT WARNING * * *
You closely miss something. You kick something.
You hear some strange, mumbled words.
A magic dart appears from out of thin air!
The magic dart hits you!
You die...

#.# ..... #.# .....
#.#...... #
#.#......
#.#........ ###.#
#.#.#...... ...#
#..h..# #..#
###{#.# ##..# #@#
.. ...### #.# ##
##...# #.#
#....###.# ########
#.....##.# #......#
#.....##.# #......#
#####....###......#
####..##......#
##..#......#


You could see a jackal.

Vanquished Creatures
  A dart slug (D:2)
  A giant cockroach (D:1)
  A hobgoblin (D:1)
  A jackal (D:2)
  3 kobolds
  3 ball pythons
  A bat (D:2)
  2 frilled lizards (D:1)
  3 goblins (D:1)
  4 rats (D:1)
20 creatures vanquished.

Notes
Turn   | Place    | Note
-------+----------+-------------------------------------------
     0 | D:1      | Pimp the Demonspawn Monk began the quest for the Orb.
     0 | D:1      | Reached XP level 1. HP: 18/18 MP: 1/1
   368 | D:1      | Gained mutation: You have large cloven feet. [demonic
                  | ancestry]
   368 | D:1      | Reached XP level 2. HP: 24/24 MP: 2/2
   964 | D:2      | Noticed Sigmund
   983 | D:2      | Killed from afar by Sigmund

Illustrated notes

Levels and vault maps discovered:
D:1:      nzn_arrival_depleted_hourglass, layout_loops_ring
D:2:      layout_basic, shapermc_ecumenical_altar_pompeii, grunt_ministairs_8,
          uniq_sigmund

Skill      XL: |  1  2 |
---------------+-------+-----
Long Blades    | 3 |  3.1
Dodging        | 3 |  3.0
Fighting       | |  3.1
Stealth        | |  1.9

Action                     || total
---------------------------++-------
  Melee: Falchion          ||    61
         Kick              ||     4
   Stab: Sleeping          ||     3
 Armour: Robe              ||    11
  Dodge: Dodged            ||    35

Table legend: (Time is in decaauts)
 A = Elapsed time spent in this place.
 B = Non-inter-level travel time spent in this place.
 C = Inter-level travel time spent in this place.
 D = Time resting spent in this place.
 E = Time spent auto-exploring this place.
 F = Levels seen in this place.
 G = Mean time per level.
                   A        B        C        D        E       F      G
               +--------+--------+--------+--------+--------+-----+--------+
         Total |    992 |    992 |      0 |      0 |    810 |   2 |  496.0 |
       Dungeon |    992 |    992 |      0 |      0 |    810 |   2 |  496.0 |
               +--------+--------+--------+--------+--------+-----+--------+

Top non-repeatable levels by time:
     D:1: 787 daAuts
     D:2: 205 daAuts
